 Dungeon Crawl Stone Soup version 0.31-a0-1074-g0b22e4e0f1 (webtiles) character file.

Game seed: 11815903139290520997

17 drugrobin the Sneak (level 2, -1/25 HPs)
             Began as a Demigod Delver on Dec 3, 2023.
             Slain by a goblin
             ... wielding a +0 club
              (2 damage)
             ... on level 1 of the Dungeon.
             The game lasted 00:02:25 (717 turns).

drugrobin the Sneak (Demigod Delver)                 Turns: 717, Time: 00:02:26

Health: -1/25      AC:  8    Str: 13    XL:     2   Next: 30%
Magic:  4/4        EV:  6    Int: 12    God:
Gold:   51         SH:  0    Dex: 15    Spells: 1/1 levels left

rFire   . .          .
                       - Unarmed
rCold   . . .        (no shield)
rNeg    . . .        k - +0 chain mail
rPois   +            (no helmet)
rElec   .            (no cloak)
rCorr   .            (no gloves)
SInv    .            (no boots)
Will    .....        (no amulet) Stlth
                     j - ring of poison resistance
HPRegen 0.24/turn    (no ring)
MPRegen 0.09/turn

%: no passive effects
@: no status effects
A: high MP 1, forlorn, divine attributes
a: no special abilities


You were on level 1 of the Dungeon.
You visited 1 branch of the dungeon, and saw 5 of its levels.

You collected 51 gold pieces.

Inventory:

Armour
 a - a +0 leather armour
 i - a +0 scale mail
 k - a +0 chain mail (worn)
 l - a +1 pair of boots
Jewellery
 j - a ring of poison resistance (left hand)
Wands
 f - a wand of digging (3)
Scrolls
 b - a scroll of fog
 c - a scroll of revelation
 d - 2 scrolls of fear
 g - a scroll of poison {unknown}
Potions
 e - a potion of haste
 h - a potion of heal wounds {unknown}


   Skills:
 - Level 2.6 Fighting
 - Level 1.7 Dodging
 - Level 4.5 Stealth
 + Level 2.8 Unarmed Combat


You had one spell level left.
You didn't know any spells.
Your spell library contained the following spells:

 Spells                   Type           Power      Damage    Failure   Level
 Magic Dart               Conj           0%         1d3       100%        1
 Call Imp                 Summ           0%         N/A       100%        2
 Mephitic Cloud           Conj/Pois/Air  0%         N/A       100%        3


Dungeon Overview and Level Annotations

Branches:
Dungeon (5/15)
 Temple: D:4-7

Shops:
D:4 [

Annotations:
D:3 Sigmund
D:4 exclusion: adder


Innate Abilities, Weirdness & Mutations

You have an increased reservoir of magic. (+10% MP)
You shall have no god before yourself.
Your divine heritage dramatically boosts your attributes as you level up.


Message History

The endoplasm freezes you.
You are frozen.
The goblin barely misses you.
You barely miss the endoplasm.
The endoplasm hits you but does no damage.
The goblin barely misses you.
You hit the endoplasm but do no damage. The endoplasm freezes you.
You are frozen.
The goblin hits you but does no damage.
You hit the endoplasm but do no damage.
The endoplasm hits you but does no damage.
The goblin hits you with a +0 club.
You hit the endoplasm but do no damage. The endoplasm barely misses you.
The goblin hits you with a +0 club.
* * * LOW HITPOINT WARNING * * *
You hit the endoplasm.
The endoplasm is severely wounded.
The endoplasm hits you but does no damage.
The goblin hits you but does no damage.
You hit the endoplasm but do no damage.
The endoplasm is severely wounded.
The goblin hits you but does no damage.
The endoplasm hits you but does no damage.
You hit the endoplasm.
The endoplasm is almost dead.
The endoplasm freezes you.
You are frozen.
* * * LOW HITPOINT WARNING * * *
The goblin hits you but does no damage.
You hit the endoplasm but do no damage.
The endoplasm is almost dead.
The goblin hits you but does no damage. The endoplasm hits you.
* * * LOW HITPOINT WARNING * * *
Unknown command.
Unknown command.
You hit the endoplasm.
You kill the endoplasm!
The goblin barely misses you.
Unknown command.
You closely miss the goblin. The goblin hits you with a +0 club.
You die...

... .... ....#
.....#########
.............#
#..........##
#...g........
#....@.....#
#..........#
#####..#####
#..# #...
..### ..# ..#


You could see a goblin.

Vanquished Creatures
  An adder (D:3)
  3 endoplasms
  A goblin (D:4)
  A hobgoblin (D:4)
  A kobold (D:4)
  A rat (D:1)
8 creatures vanquished.

Notes
Turn   | Place    | Note
-------+----------+-------------------------------------------
     0 | D:5      | drugrobin the Demigod Delver began the quest for the Orb.
     0 | D:5      | Reached XP level 1. HP: 18/18 MP: 3/3
    44 | D:5      | Noticed a scorpion
    61 | D:5      | Noticed a jelly
   119 | D:4      | Found Udarha's Armour Shoppe.
   369 | D:3      | Noticed Sigmund
   608 | D:3      | Reached XP level 2. HP: 11/25 MP: 4/4
   715 | D:1      | HP: 1/25 [endoplasm (2)]
   717 | D:1      | Slain by a goblin

Illustrated notes

Levels and vault maps discovered:
D:1:      lightli_arrival_windingriver, layout_rooms,
          ebering_ecumenical_altar_box, feat_on_display
D:2:      layout_basic
D:3:      minmay_octagon_keep, layout_rooms, uniq_sigmund, uniq_natasha
D:4:      layout_cave_pods, mainiacjoe_overflow_brackets, serial_shops,
          nicolae_shop_rolling_square
D:5:      layout_loops_ring, grunt_qazlal_clouds, lemuel_tele_altar, minitemple,
          serial_shops, nicolae_shop_tiny_waterfront, small_statue_intersection,
          uniq_prince_ribbit1

Skill      XL: |  1 |
---------------+----+-----
Unarmed Combat | 2 |  2.8
Fighting       | |  2.6
Dodging        | |  1.7
Stealth        | |  4.5

Action                     || total
---------------------------++-------
  Melee: Unarmed           ||    51
         Punch             ||     1
   Stab: Sleeping          ||     2
 Armour: Chain mail        ||    28
         Leather armour    ||     5
  Dodge: Dodged            ||    20

Table legend: (Time is in decaauts)
 A = Elapsed time spent in this place.
 B = Non-inter-level travel time spent in this place.
 C = Inter-level travel time spent in this place.
 D = Time resting spent in this place.
 E = Time spent auto-exploring this place.
 F = Levels seen in this place.
 G = Mean time per level.
                   A        B        C        D        E       F      G
               +--------+--------+--------+--------+--------+-----+--------+
         Total |    714 |    604 |    110 |     75 |    266 |   5 |  142.8 |
       Dungeon |    714 |    604 |    110 |     75 |    266 |   5 |  142.8 |
               +--------+--------+--------+--------+--------+-----+--------+

Top non-repeatable levels by time:
     D:4: 500 daAuts
     D:3: 94 daAuts
     D:5: 76 daAuts
     D:2: 28 daAuts
     D:1: 14 daAuts
